 Dungeon Crawl Stone Soup version 0.30-b1-2-g02819fbbbe (webtiles) character file.

Game seed: 5819564676973967274

14968 septik the Severer (level 11, -2/102 HPs)
             Began as a Minotaur Berserker on June 29, 2023.
             Was a High Priest of Trog.
             Succumbed to a cane toad's poison
             ... on level 1 of the Lair of Beasts.
             The game lasted 00:24:50 (11679 turns).

septik the Severer (Minotaur Berserker)            Turns: 11679, Time: 00:24:51

Health: -2/102     AC: 13    Str: 26    XL:     11   Next: 95%
Magic:  10/10      EV: 14    Int:  4    God:    Trog [*****.]
Gold:   717        SH:  0    Dex: 10    Spells: 10/10 levels left

rFire   . . .        z - +0 war axe
rCold   . . .        e - orb {light}
rNeg    . . .        D - +3 ring mail
rPois   .            (helmet restricted)
rElec   .            M - +0 cloak
rCorr   .            P - +0 pair of gloves
SInv    .            (no boots)
Will    .....        (no amulet) Stlth
                     (no ring)
HPRegen 0.37/turn    (no ring)
MPRegen 0.12/turn

%: no passive effects
@: lethally poisoned (-2 -> -22), glowing
A: horns 2, retaliatory headbutt
a: Renounce Religion, Berserk, Trog's Hand, Brothers in Arms


You were on level 1 of the Lair of Beasts.
You worshipped Trog.
Trog was extremely pleased with you.
You visited 2 branches of the dungeon, and saw 11 of its levels.
You also visited: Ossuary.

You collected 717 gold pieces.

Inventory:

Hand Weapons
 a - a +0 hand axe
 z - a +0 war axe (weapon)
 W - a +3 sling of freezing
 X - a +4 antimagic battleaxe
Missiles
 d - 91 stones (quivered)
 x - 18 poisoned darts
Armour
 e - an orb of light (worn)
 i - a +0 plate armour
 l - an orb of mayhem
 D - a +3 ring mail (worn)
 I - a +1 leather armour of poison resistance
 M - a +0 cloak (worn)
 P - a +0 pair of gloves (worn)
 Q - +0 steam dragon scales
Jewellery
 c - a ring of willpower
 j - a ring of magical power
 k - an amulet of the acrobat
 o - a ring of protection from cold
 v - a +6 ring of strength
 J - an amulet of guardian spirit
 U - an amulet of regeneration
Wands
 y - a wand of polymorph (10)
 K - a wand of quicksilver (21)
 L - a wand of charming (32)
 S - a wand of iceblast (6)
 V - a wand of flame (27)
Scrolls
 g - 11 scrolls of identify
 q - a scroll of noise
 r - 2 scrolls of fear
 s - 5 scrolls of teleportation
 t - 3 scrolls of blinking
 u - 4 scrolls of poison
 B - a scroll of silence {unknown}
 C - a scroll of enchant armour {unknown}
 E - 2 scrolls of fog {unknown}
 F - a scroll of brand weapon {unknown}
 N - a scroll of magic mapping
Potions
 b - a potion of magic {unknown}
 f - 3 potions of attraction {unknown}
 h - 8 potions of curing
 m - 2 potions of lignification
 n - 5 potions of degeneration {unknown}
 p - 2 potions of haste {unknown}
 w - 2 potions of heal wounds {unknown}
 A - 3 potions of might {unknown}
 G - 2 potions of ambrosia {unknown}
 H - a potion of cancellation {unknown}
 R - 2 potions of flight {unknown}
 T - 2 potions of resistance {unknown}
Miscellaneous
 O - a piece from Xom's chessboard (15/15)


   Skills:
 + Level 11.1 Fighting
 * Level 15.0 Axes
 + Level 10.8 Armour
 + Level 9.9 Dodging


You had 10 spell levels left.
You didn't know any spells.
Your spell library was empty.

Dungeon Overview and Level Annotations

Branches:
Dungeon (10/15)            Temple (0/1) D:5            Lair (1/5) D:9
    Orc (0/2) D:10        Ossuary (visited)

Altars:
Ashenzari
Cheibriados
Elyvilon
Fedhas
Gozag
Qazlal
Ru
Trog
Wu Jian
Xom
Zin
The Shining One

Annotations:
D:8 exclusion: downstairs
D:9 exclusions: two-headed ogre and 2 upstairs


Innate Abilities, Weirdness & Mutations

You have a pair of horns on your head.
You reflexively headbutt those who attack you in melee.


Message History

You resist with some effort. The cane toad stings you!
The basilisk completely misses you. The cane toad stings you!
The basilisk bites you but does no damage.
The cane toad stings you. The cane toad stings you.
* * * LOW HITPOINT WARNING * * *
The basilisk gazes at you. You resist with some effort.
You turn to flesh and can move again.
Unknown command.
Unknown command.
Unknown command.
Unknown command.
Unknown command.
Unknown command.
Unknown command.
You slash the basilisk!
You kill the basilisk!
Trog accepts your kill.
You hit the cane toad.
You feel very sick. The cane toad stings you!
* * * LOW HITPOINT WARNING * * *
You are more poisoned.
The cane toad poisons you!
You barely miss the cane toad.
The cane toad is heavily wounded.
* * * LOW HITPOINT WARNING * * *
You feel very sick.
The cane toad stings you but does no damage.
You slash the cane toad!
You headbutt the cane toad, but do no damage.
The cane toad is almost dead.
* * * LOW HITPOINT WARNING * * *
You feel very sick. The cane toad misses you.
You slice the cane toad!!
You kill the cane toad!
Trog accepts your kill.
You die...

#.# ## #.# ##. ###..#
#.# #.. ..#..# #.##P.#
#.#..# ###..##.# #....#
#.....#.# ##....#
#.......######..P..#
#...........###.#..#.##.
#.....#.###.....@†......
#.....#...).....#†......
#####P##.#P#######.#.##P
######## .# .. . # .. ##


There were no monsters in sight!

Vanquished Creatures
  A two-headed ogre (D:9)
  Pikel (D:6)
  A cane toad (Lair:1)
  An unseen horror (D:10)
  A komodo dragon (Lair:1)
  3 polar bears (Lair:1)
  Sigmund (D:5)
  2 shadows (D:10)
  10 yaks
  2 wraiths (D:10)
  Eustachio (D:5)
  A basilisk (Lair:1)
  A steam dragon (D:7)
  Menkaure (D:7)
  A two-headed ogre zombie (D:10)
  3 water moccasins
  Duvessa (D:6)
  2 ice beasts
  5 orc warriors
  2 sky beasts (D:7)
  4 black bears (Lair:1)
  4 centaurs
  The ghost of diceflayer the Shooter, an amateur DsHu (D:6)
  A lemure (D:6)
  3 phantoms (D:6)
  3 kobold brigands
  Blork the orc (D:6)
  7 bullfrogs
  An elf zombie (Ossuary)
  A gnoll sergeant (D:10)
  4 scorpions
  8 wights
  Dowan (D:6)
  14 killer bees
  3 hounds
  2 howler monkeys (D:7)
  2 gnoll boudas
  4 jellies
  2 human zombies (Ossuary)
  7 orc priests
  Crazy Yiuf (D:6)
  3 iguanas
  8 orc wizards
  7 ogre zombies (D:10)
  4 mummies (Ossuary)
  13 gnolls
  10 adders
  4 shadow imps (D:7)
  5 white imps
  7 ufetubi
  5 worms
  3 dart slugs
  29 orcs
  3 ball pythons
  2 bats
  7 endoplasms
  3 giant cockroaches
  3 gnoll zombies (Ossuary)
  11 goblins
  7 hobgoblins
  10 jackals
  18 kobolds
  6 quokkas
  5 frilled lizards
  3 goblin skeletons (D:10)
  6 goblin zombies
  3 hobgoblin skeletons (D:10)
  2 hobgoblin zombies (D:10)
  2 jackal zombies (Ossuary)
  A kobold zombie (Ossuary)
  3 orc skeletons (D:10)
  11 orc zombies
  6 rats
  A bush (D:2)
326 creatures vanquished.

Vanquished Creatures (collateral kills)
  3 death yaks (D:9)
  3 two-headed ogres
  3 yaks (D:9)
  A kobold brigand (D:9)
  2 orcs (D:9)
  4 kobolds (D:9)
16 creatures vanquished.

Vanquished Creatures (others)
  3 fungi (Lair:1)
  9 plants
12 creatures vanquished.

Grand Total: 354 creatures vanquished

Notes
Turn   | Place    | Note
-------+----------+-------------------------------------------
     0 | D:1      | septik the Minotaur Berserker began the quest for the Orb.
     0 | D:1      | Reached XP level 1. HP: 19/19 MP: 0/0
   221 | D:1      | Reached XP level 2. HP: 27/27 MP: 1/1
   284 | D:1      | Reached skill level 4 in Axes
   904 | D:2      | Reached XP level 3. HP: 33/33 MP: 2/2
  1027 | D:2      | Reached ** piety under Trog
  1073 | D:2      | Found a shimmering altar of Xom.
  1264 | D:2      | Reached XP level 4. HP: 40/40 MP: 3/3
  2038 | D:3      | Reached skill level 5 in Axes
  2121 | D:3      | Reached XP level 5. HP: 47/47 MP: 4/4
  2411 | D:3      | Found a snail-covered altar of Cheibriados.
  2567 | D:3      | Found a faded altar of an unknown god.
  2570 | D:3      | Found an ornate altar of the Wu Jian Council.
  2631 | D:3      | Found a faded altar of an unknown god.
  3026 | D:4      | Reached *** piety under Trog
  3196 | D:4      | Identified the +6 sling of the Enfolding Gods {elec, rPois
                  | Str-4 Int+3}
  3397 | D:4      | Reached skill level 6 in Axes
  3397 | D:4      | Reached XP level 6. HP: 38/55 MP: 5/5
  3631 | D:4      | Found a shimmering altar of Xom.
  3752 | D:5      | Entered Level 5 of the Dungeon
  4003 | D:4      | Reached skill level 5 in Fighting
  4421 | D:5      | Reached XP level 7. HP: 38/61 MP: 6/6
  4435 | D:5      | Reached skill level 7 in Axes
  4502 | D:5      | Reached skill level 5 in Armour
  4543 | D:5      | Identified the +1 leather armour "Relatz" {rElec rF- Dex+2
                  | SInv}
  4712 | D:5      | Noticed Sigmund
  4714 | D:5      | Noticed Eustachio
  4722 | D:5      | Killed Sigmund
  4731 | D:5      | Killed Eustachio
  4732 | D:5      | Reached skill level 8 in Axes
  4732 | D:5      | Reached skill level 5 in Dodging
  4732 | D:5      | Reached XP level 8. HP: 63/70 MP: 7/7
  4842 | D:5      | Found a staircase to the Ecumenical Temple.
  5189 | D:6      | Found a glowing golden altar of the Shining One.
  5189 | D:6      | Found a sacrificial altar of Ru.
  5189 | D:6      | Found a blossoming altar of Fedhas.
  5201 | D:6      | Found a runed translucent door.
  5205 | D:6      | Noticed diceflayer's ghost (amateur DsHu)
  5215 | D:6      | Killed diceflayer's ghost
  5221 | D:6      | Reached skill level 9 in Axes
  5228 | D:6      | Found a runed translucent door.
  5263 | D:6      | Noticed Duvessa
  5264 | D:6      | Noticed Dowan
  5271 | D:6      | Killed Duvessa
  5272 | D:6      | Killed Dowan
  5330 | D:6      | Noticed Blork the orc
  5334 | D:6      | Killed Blork the orc
  5340 | D:6      | Reached **** piety under Trog
  5341 | D:6      | Reached XP level 9. HP: 67/79 MP: 8/8
  5472 | D:6      | Noticed Pikel
  5496 | D:6      | Killed Pikel
  5497 | D:6      | Reached skill level 10 in Axes
  5989 | D:6      | Found a runed translucent door.
  5990 | D:6      | Noticed Crazy Yiuf
  5999 | D:6      | Killed Crazy Yiuf
  6218 | D:7      | Found a sand-covered staircase.
  6233 | Ossuary  | Entered an ossuary
  6526 | D:7      | Reached skill level 11 in Axes
  7073 | D:7      | Noticed Menkaure
  7078 | D:7      | Killed Menkaure
  7079 | D:7      | Reached XP level 10. HP: 88/90 MP: 9/9
  7651 | D:7      | Found a broken altar of Ashenzari.
  8129 | D:8      | Reached skill level 12 in Axes
  8424 | D:8      | Found a glowing silver altar of Zin.
  8424 | D:8      | Found a stormy altar of Qazlal.
  8433 | D:8      | Found an opulent altar of Gozag.
  8492 | D:8      | Found a white marble altar of Elyvilon.
  8555 | D:8      | Found a bloodstained altar of Trog.
  8672 | D:8      | Reached ***** piety under Trog
  8926 | D:9      | Noticed a two-headed ogre
  9064 | D:9      | Noticed a two-headed ogre
  9068 | D:9      | Killed a two-headed ogre
  9081 | D:9      | Noticed a death yak
  9082 | D:9      | Noticed a two-headed ogre
  9085 | D:9      | Noticed a death yak
  9086 | D:9      | Killed a two-headed ogre
  9086 | D:9      | Noticed a death yak
  9114 | D:9      | Killed a death yak
  9115 | D:9      | Reached skill level 13 in Axes
  9116 | D:9      | Killed a death yak
  9117 | D:9      | Reached XP level 11. HP: 90/99 MP: 10/10
  9130 | D:9      | Killed a death yak
  9131 | D:9      | Reached skill level 10 in Fighting
  9170 | D:9      | Found a staircase to the Lair.
  9586 | D:9      | Killed a two-headed ogre
  9587 | D:9      | Reached skill level 10 in Armour
  9637 | D:9      | Reached skill level 14 in Axes
  9925 | Lair:1   | Entered Level 1 of the Lair of Beasts
 10023 | D:10     | Entered Level 10 of the Dungeon
 10045 | D:10     | Found a staircase to the Orcish Mines.
 10068 | D:10     | Received a gift from Trog
 10415 | D:10     | Noticed a two-headed ogre
 10419 | D:10     | Killed a two-headed ogre
 11380 | Lair:1   | Reached skill level 15 in Axes
 11677 | Lair:1   | HP: 5/102 [poisoned by a cane toad]
 11678 | Lair:1   | HP: 1/102 [poisoned by a cane toad]
 11679 | Lair:1   | Succumbed to a cane toad's poison

Illustrated notes

Levels and vault maps discovered:
D:1:      mushboom_english_gardens, layout_basic, minivault_23, minivault_25
D:2:      layout_loops_corners, serial_forest, infiniplex_forest_straight_4,
          infiniplex_forest_3_way, infiniplex_forest_end_2,
          infiniplex_forest_straight_1, infiniplex_forest_clump_tiny,
          infiniplex_forest_lined_3, infiniplex_forest_lined_ring,
          infiniplex_forest_lined_room_3, infiniplex_forest_clump_long,
          basic_altar
D:3:      cheibrodos_pilgrimage, layout_basic, mainiacjoe_overflow_chevrons,
          nicolae_overflow_ecumenical_swirl, hellmonk_ecumenical_altar_lost_god
D:4:      layout_loops_ring, xom_teletrap_fun
D:5:      layout_loops_ring, minmay_temple_entry_drinking_statues,
          minmay_between, uniq_eustachio, uniq_sigmund
D:6:      layout_cave_pools, chequers_temple_overflow_statue_of_worship,
          ebering_ghost_sewer_f, hex_tiny, kennysheep_generic_room_12,
          uniq_duvessa, uniq_blork_the_orc, uniq_crazy_yiuf_cottage, uniq_pikel
D:7:      layout_basic, mainiacjoe_overflow_alcove_4, serial_demonic,
          serial_demonic_d, serial_demonic_a, serial_demonic_c,
          serial_demonic_g, enter_ossuary_1, minmay_starry_boxes, uniq_menkaure
D:8:      layout_loops_corners, elyvilon_altar_5,
          nicolae_overflow_quartered_altars, chequers_serial_rivers_micro_a
D:9:      layout_loops_ring, dpeg_lair_monsters
D:10:     layout_stronghold, zombieorc2_lemuel, kennysheep_generic_room_5
Lair:1:   beast_lair_carwin_large_2, layout_loops_ring, uniq_harold

Skill      XL: |  1  2  3  4  5  6  7  8  9 10 11 |
---------------+----------------------------------+-----
Axes           | 4 5 6 8 9 11 13 15 | 15.0
Fighting       | 4 5 6 7 8 9 11 | 11.1
Armour         | 3 4 5 6 8 9 10 | 10.8
Dodging        | 3 4 5 6 7 8 9 |  9.9

Action                     |  1- 3 |  4- 6 |  7- 9 | 10-12 || total
---------------------------+-------+-------+-------+-------++-------
  Melee: Hand axe          |    65 |    97 |       |       ||   162
         Headbutt          |    11 |    53 |    38 |    92 ||   194
         War axe           |       |    63 |   179 |   340 ||   582
         Unarmed           |       |       |       |     3 ||     3
  Throw: Stone             |       |       |       |     4 ||     4
 Invoke: Berserk           |     1 |     2 |     3 |     1 ||     7
         Trog's Hand       |       |       |     3 |       ||     3
         Brothers in Arms  |       |       |       |     3 ||     3
    Use: Scroll            |       |       |     6 |     3 ||     9
 Armour: Ring mail         |    14 |    13 |    29 |   110 ||   166
         Animal skin       |     1 |       |       |       ||     1
         Chain mail        |       |    48 |       |       ||    48
         Leather armour    |       |       |    22 |       ||    22
         Skin              |       |       |       |     1 ||     1
  Dodge: Dodged            |    32 |    54 |   102 |   221 ||   409
